 Dungeon Crawl Stone Soup version 0.14-a0-3329-g86b2fc4 (webtiles) character file.

95 Bloax the Firebug (level 2, -1/15 HPs)
             Began as a Deep Elf Fire Elementalist on Mar 16, 2014.
             Slain by Terence
             ... wielding a +0,+0 flail
              (9 damage)
             ... on Level 2 of the Dungeon.
             The game lasted 00:03:24 (527 turns).

Bloax the Firebug (Deep Elf Fire Elementalist)       Turns: 527, Time: 00:03:24

HP  -1/15        AC  3     Str  5      XL: 2   Next: 17%
MP   2/8         EV 13     Int 19      God:
Gold 84          SH  0     Dex 15      Spells:  2 memorised,  4 levels left

rFire  + . .     SeeInvis .     i - +2,+0 short sword
rCold  x . .     Clarity  .     a - +0 robe
rNeg   . . .     Conserve .     (no shield)
rPois  .         rCorr    .     (no helmet)
rElec  .         rRot     .     (no cloak)
SustAb . .       Spirit   .     o - +0 pair of gloves
rMut   .         Warding  .     (no boots)
Saprov . . .     Stasis   .     (no amulet)
MR     .....                    (no ring)
                                n - ring of fire

@: very slightly contaminated, not resistant to hostile enchantments, fairly
stealthy
A: no striking features
a: no special abilities


You were on level 2 of the Dungeon.
You were not hungry.

You visited 1 branch of the dungeon, and saw 2 of its levels.

You collected 84 gold pieces.


   Skills:
 - Level 2.4 Dodging
 - Level 2.4 Stealth
 + Level 3.1 Spellcasting
 * Level 1.2 Conjurations
 + Level 3.9 Fire Magic


You had 4 spell levels left.
You knew the following spells:

 Your Spells              Type           Power        Failure   Level  Hunger
a - Flame Tongue          Conj/Fire      ###..        8%          1    None
b - Throw Flame           Conj/Fire      ###...       10%         2    ##.....


Dungeon Overview and Level Annotations

Branches:
Dungeon (2/15)

Altars:

Annotations:
D:2 Terence

Inventory:

Hand weapons
 i - a +2,+0 short sword (weapon)
   (You took it off a kobold on level 1 of the Dungeon)
Missiles
 r - 2 javelins (quivered)
Armour
 a - a +0 robe (worn)
 e - a +0 ring mail
   (You found it on level 1 of the Dungeon)
 o - a +0 pair of gloves (worn)
   (You found it on level 2 of the Dungeon)
Comestibles
 c - a bread ration
 g - a pear
 j - 2 meat rations
 k - a lychee
Scrolls
 h - a scroll of recharging {unknown}
 m - a scroll of identify {unknown}
 q - a scroll of enchant weapon I {unknown}
 s - a scroll of remove curse {unknown}
Jewellery
 n - a ring of fire (left hand)
   (You found it on level 2 of the Dungeon)
Potions
 d - 2 potions of brilliance {unknown}
 l - a potion of restore abilities {unknown}
 p - a potion of curing {unknown}
Books
 b - a book of Flames

   Spells                             Type                      Level
   *Flame Tongue                      Conjuration/Fire             1
   *Throw Flame                       Conjuration/Fire             2
   Conjure Flame                      Conjuration/Fire             3
   Inner Flame                        Hexes/Fire                   3
   Sticky Flame                       Conjuration/Fire             4
   Fireball                           Conjuration/Fire             5

####......#####
#..........#
#..........#
#..........#
#..........#
#..........#
#####..........#
#...#......(####
#...#.@.....#
#.....@.....#
#...........#
#.....(.....#
#.......#####
#.....(.#
#.....(.#
#######.# #.#


You could see Terence.


Message History

The jackal closely misses you. The jackal closely misses you.
Casting: Flame Tongue
Aiming: Flame Tongue
Aim: a jackal
Okay, then.
Okay, then.
Read which item? (? for menu, Esc to quit)
As you read the scroll labeled TOWNEI CLIO, it crumbles to dust.
You feel strangely unstable.
It was a scroll of teleportation.
The jackal closely misses you. The jackal bites you.
* * * LOW HITPOINT WARNING * * *
Casting: Flame Tongue
Aiming: Flame Tongue
Aim: a jackal You feel a surge of power!
You miscast Flame Tongue.
You are very lightly contaminated with residual magic.
Your skin glows momentarily.
Your surroundings suddenly seem different.
Unknown command.
Memorise Throw Flame, consuming 2 spell levels and leaving 4?
You finish memorising.
Unknown command.
Unknown command.
Casting: Flame Tongue
Aiming: Throw Flame
Aim: Terence, wielding a flail and wearing a chain mail You feel a surge of power!
The puff of flame hits Terence.
Terence appears unharmed.
Unknown command.
Casting: Throw Flame
Aiming: Throw Flame
Aim: Terence, wielding a flail and wearing a chain mail You feel a surge of power!
The puff of flame hits Terence.
Terence is moderately wounded.
Unknown command.
Unknown command.
Casting: Throw Flame
Aiming: Throw Flame
Aim: a jackal (hasn't noticed you)
You feel a surge of power!
The puff of flame misses Terence.
The puff of flame hits the jackal.
You kill the jackal!
Unknown command.
Unknown command.
Casting: Throw Flame
Aiming: Flame Tongue
Okay, then.
Throwing (i - inventory):
r - 5 javelins (quivered)
Aim: Terence, wielding a flail and wearing a chain mail (moderately wounded)
You throw a javelin. The javelin hits Terence.
Terence is moderately wounded.
Unknown command.
Throwing (i - inventory):
r - 4 javelins (quivered)
Aim: Terence, wielding a flail and wearing a chain mail (moderately wounded)
You throw a javelin. The javelin misses Terence.
Unknown command.
Throwing (i - inventory):
r - 3 javelins (quivered)
Aim: Terence, wielding a flail and wearing a chain mail (moderately wounded)
You throw a javelin. The javelin hits Terence.
Terence is heavily wounded.
Unknown command.
Casting: Flame Tongue
Aiming: Flame Tongue
Aim: Terence, wielding a flail and wearing a chain mail (heavily wounded)
You feel a surge of power!
The flame hits Terence.
Terence is almost dead.
Terence hits you with a flail!
Ouch! That really hurt!
You die...

Action                   || total
-------------------------++-------
Melee: Unarmed           ||     7
       Club              ||     1
       Short sword       ||     7
Throw: Dart              ||     8
       Javelin           ||     3
 Cast: Flame Tongue      ||    17
       Throw Flame       ||     3
  Use: Scroll            ||     1
 Stab: Sleeping          ||     1

Vault maps used:
D:1:      dpeg_arrival_tiny_g
D:2:      first_bread, uniq_terence, uniq_iyjb

Notes
Turn   | Place    | Note
--------------------------------------------------------------
     0 | D:1      | Bloax, the Deep Elf Fire Elementalist, began the quest for the Orb.
     0 | D:1      | Reached XP level 1. HP: 10/10 MP: 5/5
   160 | D:1      | Reached XP level 2. HP: 6/15 MP: 1/8
   352 | D:2      | lel
   464 | D:2      | Noticed Terence
   517 | D:2      | Learned a level 2 spell: Throw Flame
   527 | D:2      | Slain by Terence

Vanquished Creatures
  An ooze (D:1)
  A goblin (D:1)
  A hobgoblin (D:1)
  A kobold (D:1)
  3 bats
  A jackal (D:2)
  4 rats
12 creatures vanquished.
